Map: Simulacrum LE

Players

AGOElazer (Elazer) - Winner!

  • Race: Zerg Zerg
  • League: Grandmaster
  • Spawn Location: 5:00

Neeblet (Neeb)

  • Race: Protoss Protoss
  • Spawn Location: 11:00

Event: StayAtHomestory Cup #1

VOD

Have the link to the VOD?

Description

Time

  • Played on: April 11, 2020, 11:08 a.m.
  • Length: 11:16

All games in this series

Show
View Real Time Build Order
Export as new Build Order

AGOElazer Zerg - Winner!

Build Orders: Hatch First 

Get SALT Encoding   

  12  0:00  Drone  
  13  0:12  Overlord  
  13  0:17  Drone  
  14  0:31  Drone x2  
  16  0:48  Hatchery  
  15  0:51  Drone  
  15  0:55  Drone  
  17  0:58  Drone  
  18  1:09  Extractor  
  17  1:13  Spawning Pool  
  17  1:17  Drone  
  17  1:21  Drone  
  18  1:29  Drone  
  19  1:39  Drone  
  20  1:50  Drone  
  21  1:59  Queen  
  21  2:00  Zergling x2, Queen, Overlord  
  26  2:12  Zergling x2  
  26  2:13  Drone  
  28  2:26  Drone x2  
  30  2:30  Hatchery  
  30  2:33  Drone  
  30  2:34  Drone  
  31  2:41  Queen  
  33  2:47  Metabolic Boost  
  33  2:52  Overlord  
  33  2:55  Drone  
  33  2:56  Drone  
  35  2:59  Drone  
  36  3:12  Drone x6  
  42  3:19  Queen  
  43  3:23  Overlord  
  43  3:29  Spore Crawler  
  43  3:31  Spore Crawler  
  43  3:32  Drone  
  42  3:37  Zergling x2  
  43  3:41  Drone x3  
  43  3:42  Spore Crawler  
  43  3:44  Drone  
  43  3:46  Overlord  
  46  3:49  Drone  
  46  3:50  Drone  
  46  3:52  Drone  
  46  3:54  Drone  
  50  3:58  Drone  
  50  4:00  Queen  
  53  4:03  Drone  
  53  4:04  Drone  
  53  4:08  Drone x2  
  57  4:12  Overlord  
  57  4:13  Drone  
  58  4:17  Drone x3  
  58  4:23  Roach Warren  
  58  4:24  Drone  
  61  4:29  Overlord  
  61  4:31  Drone x4  
  61  4:35  Zergling x2  
  61  4:37  Queen  
  68  4:41  Zergling x6  
  71  4:49  Zergling x8  
  71  4:51  Lair  
  75  4:55  Extractor  
  75  4:56  Zergling x2  
  75  4:57  Extractor  
  75  4:59  Zergling x2  
  74  5:04  Overlord  
  74  5:06  Drone x4  
  78  5:08  Overlord  
  78  5:09  Drone x2  
  78  5:11  Extractor  
  78  5:12  Evolution Chamber  
  78  5:16  Overlord  
  80  5:21  Drone x2  
  80  5:26  Overlord  
  84  5:28  Drone x4  
  84  5:29  Extractor, Baneling Nest  
  84  5:32  Overlord, Pneumatized Carapace  
  82  5:38  Zerg Melee Weapons Level 1  
  82  5:42  Drone x2  
  84  5:45  Overlord  
  84  5:46  Drone x3  
  87  5:51  Hydralisk Den  
  87  5:52  Drone x2  
  87  5:56  Drone x4  
  92  5:59  Hatchery  
  92  6:02  Overlord  
  91  6:05  Extractor  
  91  6:08  Drone x2  
  92  6:11  Drone  
  92  6:15  Centrifical Hooks  
  92  6:18  Baneling x4  
  93  6:22  Hydralisk x5  
  93  6:24  Grooved Spines  
  103  6:28  Hatchery  
  102  6:35  Hydralisk x3  
  102  6:37  Overlord  
  102  6:38  Drone x4  
  110  6:43  Drone x2  
  108  6:49  Hydralisk x4  
  108  6:52  Overseer  
  116  6:58  Overlord x2  
  116  6:59  Hydralisk  
  118  7:04  Zergling x10  
  122  7:13  Zergling x6  
  116  7:16  Hydralisk x4  
  116  7:19  Zergling x2  
  125  7:23  Overlord  
  125  7:25  Zergling x6  
  127  7:34  Zergling x6  
  129  7:38  Baneling x8  
  129  7:39  Hydralisk x2  
  129  7:43  Zergling x4  
  135  7:47  Baneling  
  135  7:48  Baneling x5  
  135  7:50  Zergling x8  
  139  7:57  Zergling x14  
  141  8:04  Zergling x6  
  141  8:05  Baneling x6  
  142  8:08  Zerg Melee Weapons Level 2  
  142  8:15  Zergling x12  
  143  8:25  Overlord x2  
  142  8:27  Muscular Augments  
  142  8:33  Hydralisk, Baneling x10  
  142  8:34  Hydralisk x2  
  143  8:44  Hydralisk x4  
  143  8:47  Hatchery  
  150  8:50  Hydralisk  
  150  8:51  Hydralisk x2  
  156  8:56  Zergling x6  
  156  9:01  Baneling x11  
  159  9:08  Overlord  
  159  9:10  Overlord  
  159  9:11  Extractor, Overlord x3  
  158  9:27  Overlord  
  158  9:29  Hydralisk x8  
  158  9:31  Hydralisk  
  174  9:34  Drone x2  
  174  9:35  Drone  
  178  9:51  Drone x4  
  178  9:52  Drone x5  
  188  10:00  Zergling x20  
  197  10:11  Spine Crawler  
  197  10:12  Zergling x2  
  197  10:13  Overlord  
  197  10:14  Spine Crawler  
  197  10:15  Baneling x4  
  196  10:25  Infestation Pit  
  196  10:26  Spine Crawler  
  194  10:31  Baneling x13  
  184  10:43  Zergling x30  
  184  10:47  Zergling x18  
  184  10:48  Zergling x4  
  194  10:54  Zergling x2  
Show
View Real Time Build Order
Export as new Build Order

Neeblet Protoss 

Build Orders: 1 Gate Expand, Oracle Opening, Phoenix Opening, Zealot Archon 

Get SALT Encoding   

  12  0:00  Probe  
  13  0:13  Probe  
  14  0:20  Pylon  
  14  0:25  Probe  
  15  0:38  Probe (Chrono Boost)  
  15  0:40  Gateway  
  16  0:47  Probe (Chrono Boost), Assimilator  
  17  0:52  Probe (Chrono Boost)  
  18  1:04  Probe  
  19  1:16  Probe  
  20  1:25  Nexus  
  20  1:36  Cybernetics Core  
  20  1:37  Probe  
  21  1:42  Assimilator  
  21  1:49  Probe  
  21  1:51  Pylon  
  22  2:01  Probe (Chrono Boost)  
  23  2:09  Adept (Chrono Boost)  
  23  2:11  Probe (Chrono Boost)  
  26  2:16  Probe (Chrono Boost)  
  26  2:22  Stargate  
  27  2:28  Probe (Chrono Boost)  
  28  2:32  Adept  
  28  2:35  Warp Gate  
  30  2:37  Probe (Chrono Boost)  
  32  2:45  Probe (Chrono Boost)  
  32  2:46  Probe (Chrono Boost)  
  32  2:49  Gateway  
  33  2:51  Probe (Chrono Boost)  
  33  2:52  Probe  
  35  3:04  Probe x2  
  37  3:09  Oracle (Chrono Boost)  
  40  3:16  Probe  
  41  3:20  Probe  
  41  3:22  Pylon  
  42  3:28  Probe  
  42  3:32  Probe, Assimilator  
  44  3:35  Assimilator  
  44  3:37  Phoenix (Chrono Boost)  
  44  3:40  Probe  
  47  3:41  Gateway  
  47  3:44  Probe  
  48  3:52  Probe  
  48  3:54  Pylon  
  49  3:56  Probe, Oracle (Chrono Boost)  
  53  4:04  Probe, Robotics Facility  
  53  4:07  Pylon  
  54  4:12  Probe  
  54  4:16  Probe  
  56  4:23  Adept x2  
  61  4:24  Probe  
  61  4:30  Probe  
  62  4:37  Nexus  
  62  4:40  Pylon  
  62  4:44  Adept  
  62  4:45  Adept  
  66  4:49  Adept  
  68  4:53  Pylon  
  68  4:54  Probe  
  68  4:55  Probe  
  70  5:02  Immortal (Chrono Boost)  
  70  5:06  Probe  
  75  5:12  Probe  
  76  5:20  Forge  
  76  5:21  Probe, Twilight Council  
  77  5:24  Sentry x3  
  77  5:26  Shield Battery  
  84  5:28  Probe  
  84  5:33  Probe, Observer (Chrono Boost)  
  86  5:48  Probe x2  
  86  5:49  Protoss Ground Weapons Level 1 (Chrono Boost)  
  88  5:50  Probe  
  88  5:52  Pylon x2  
  89  5:57  Immortal (Chrono Boost)  
  89  5:58  Charge, Pylon  
  89  6:00  Probe x2  
  89  6:02  Probe  
  96  6:08  Assimilator  
  96  6:10  Assimilator  
  96  6:12  Probe  
  97  6:18  Gateway  
  97  6:20  Gateway  
  97  6:22  Gateway  
  97  6:29  Warp Prism (Chrono Boost)  
  99  6:35  Gateway  
  99  6:38  Gateway  
  99  6:46  Gateway  
  99  6:47  Gateway  
  99  6:50  Probe x3  
  99  6:51  Templar Archives  
  102  6:57  Warp Prism (Chrono Boost)  
  102  6:58  Zealot x3  
  110  7:04  Probe  
  110  7:06  Probe x2  
  113  7:15  Stalker x2  
  117  7:18  Probe  
  117  7:22  Stalker  
  120  7:29  Probe  
  114  7:31  Probe  
  114  7:36  High Templar x3  
  114  7:37  High Templar x2  
  115  7:38  High Templar  
  115  7:40  Archon, Zealot  
  115  7:41  Archon  
  115  7:42  Archon  
  115  7:43  Probe, Zealot  
  124  7:47  Probe  
  124  7:48  Pylon  
  124  7:50  Pylon  
  125  7:51  Pylon  
  125  7:56  Probe x2  
  115  7:59  Probe  
  115  8:04  Zealot x4  
  114  8:08  Zealot x2  
  118  8:14  Probe  
  118  8:15  Probe  
  118  8:16  Probe  
  118  8:17  High Templar x4  
  127  8:23  Archon  
  127  8:24  Archon  
  121  8:30  High Templar x2, Sentry, Zealot  
  121  8:31  Zealot x2  
  121  8:32  Probe x2  
  135  8:35  Archon  
  135  8:40  Psionic Storm  
  135  8:43  Pylon  
  135  8:45  Probe  
  135  8:46  Protoss Ground Weapons Level 2 (Chrono Boost)  
  136  8:48  Probe  
  137  8:56  High Templar  
  137  8:57  Zealot x3  
  145  9:07  Probe, Pylon  
  147  9:10  Pylon, Photon Cannon  
  147  9:11  Photon Cannon  
  147  9:14  High Templar x2, Photon Cannon  
  150  9:25  High Templar  
  150  9:26  Probe  
  150  9:29  Zealot  
  155  9:33  High Templar  
  157  9:43  Nexus  
  157  9:46  Pylon  
  157  9:47  Probe x2  
  157  9:48  Pylon, Immortal  
  157  9:52  Pylon  
  163  9:54  Pylon  
  163  9:58  Pylon  
  163  9:59  Assimilator  
  163  10:00  Assimilator  
  163  10:08  Fleet Beacon  
  163  10:10  Stargate  
  163  10:11  Stargate  
  163  10:15  Photon Cannon  
  163  10:17  Photon Cannon  
  163  10:26  High Templar x2  
  163  10:27  Zealot x3  
  171  10:30  Zealot x2  
  171  10:33  Archon  
  175  10:37  Probe x2  
  149  10:51  Zealot x8  
  149  10:53  Archon x2  
  136  10:59  Probe  
  136  11:01  Probe  
  123  11:08  Zealot x2  
  95  11:12  Zealot x3  
Tags
 
Add a new tag
Caveats
  • Supply blocks, unpowered buildings, or Contaminate may cause inaccurate times.
  • Supply counts are checked every 10 seconds.